 Dungeon Crawl Stone Soup version 0.23.0-2-g0fe3ce5 (webtiles) character file.

Game seed: 17154797794063635042

1936 Kairos the Covert (level 9, -4/46 HPs)
             Began as a Vine Stalker Fighter on Feb 19, 2019.
             Was an Initiate of Okawaru.
             Slain by Crazy Yiuf
             ... wielding a +4 quarterstaff of chaos
              (12 damage)
             ... on level 6 of the Dungeon.
             The game lasted 00:11:03 (4904 turns).

Kairos the Covert (Vine Stalker Fighter)            Turns: 4904, Time: 00:11:04

Health: -4/46      AC:  9    Str: 29    XL:     9   Next: 18%
Magic:  0/10       EV: 12    Int:  8    God:    Okawaru [......]
Gold:   146        SH:  0    Dex: 14    Spells: 8/8 levels left

rFire    x . .     SeeInvis .   x - +8 dire flail of Exquisite Death {flame, rPois rF- rC- Str+7}
rCold    . . .     Gourm    .   (shield currently unavailable)
rNeg     . . .     Faith    .   j - +2 leather armour {MR+}
rPois    +         Spirit   +   (no helmet)
rElec    .         Reflect  .   H - scarf {repulsion}
rCorr    .         Harm     .   g - +2 pair of gloves
MR       ++...                  l - +0 pair of boots
Stlth    +++++.....             p - amulet of rage
HPRegen  0.55/turn              w - ring "Sighuunu" {+Fly rC+ Stlth+}
MPRegen  0.12/turn              (no ring)

@: repel missiles
A: fangs 3, regeneration 1, magic shield, antimagic bite, no potion heal 3, rot
immunity
a: Renounce Religion, Evoke Berserk Rage, Evoke Flight


You were on level 6 of the Dungeon.
You worshipped Okawaru.
Okawaru was noncommittal.
You were very hungry.

You visited 1 branch of the dungeon, and saw 6 of its levels.

You collected 353 gold pieces.
You spent 207 gold pieces at shops.

Inventory:

Hand Weapons
 a - a +2 war axe
 x - the +8 dire flail of Exquisite Death (weapon) {flame, rPois rF- rC- Str+7}
   (You bought it in a shop on level 4 of the Dungeon)

   It has been specially enchanted to burn those struck by it, causing extra
   injury to most foes and up to half again as much damage against particularly
   susceptible opponents.
   It affects your strength (+7).
   It makes you vulnerable to fire.
   It makes you vulnerable to cold.
   It protects you from poison.
 I - a +0 broad axe
Missiles
 i - 25 tomahawks (quivered)
Armour
 b - a +0 scale mail
 c - a +0 shield
 g - a +2 pair of gloves (worn)
 j - a +2 leather armour of magic resistance (worn)
 l - a +0 pair of boots (worn)
 H - a scarf of repulsion (worn)
Jewellery
 p - an amulet of rage (around neck)
 w - the ring "Sighuunu" (left hand) {+Fly rC+ Stlth+}
   (You found it on level 4 of the Dungeon)

   [ring of flight]

   It protects you from cold.
   It lets you fly.
   It makes you more stealthy.
Wands
 o - a wand of disintegration (11)
 z - a wand of polymorph (9)
 A - a wand of scattershot (6)
 D - a wand of paralysis (6)
 F - a wand of flame (17)
 L - a wand of digging (3)
Scrolls
 m - 3 scrolls of random uselessness {unknown}
 r - a scroll of fear {unknown}
 s - 3 scrolls of amnesia {unknown}
 t - 2 scrolls of magic mapping {unknown}
 v - a scroll of immolation {unknown}
 y - 3 scrolls of identify {unknown}
 B - a scroll of enchant weapon
 C - a scroll of enchant armour {unknown}
 E - a scroll of noise {unknown}
 J - a scroll of remove curse {unknown}
Potions
 d - 2 potions of might
 e - 3 potions of haste {unknown}
 h - a potion of heal wounds {unknown}
 k - 4 potions of curing {unknown}
 n - 2 potions of lignification {unknown}
 q - 3 potions of brilliance {unknown}
 u - a potion of mutation {unknown}
 G - a potion of resistance {unknown}
 K - a potion of ambrosia {unknown}
Comestibles
 f - 11 rations


   Skills:
 + Level 4.5 Fighting
 + Level 4.9(5.8) Axes
 + Level 4.8(5.8) Maces & Flails
 + Level 0.4 Throwing
 + Level 3.3 Armour
 + Level 2.4 Dodging
 * Level 8.3 Stealth
 + Level 3.0 Shields


You had 8 spell levels left.
You didn't know any spells.
Your spell library was empty.

Dungeon Overview and Level Annotations

Branches:
Dungeon (6/15)             Temple (0/1) D:6

Altars:
Cheibriados
Nemelex Xobeh
Okawaru
Trog
Vehumet

Shops:
D:4 ([   D:6 *

Annotations:
D:6 Crazy Yiuf


Innate Abilities, Weirdness & Mutations

You have razor-sharp teeth.
Your natural rate of healing is unusually fast.
When hurt, damage is shared between your health and your magic reserves.
Your bite disrupts and absorbs the magic of your enemies.
Potions cannot restore your health.
You are immune to rotting.


Message History

You open the door. You barely miss Crazy Yiuf. You bite Crazy Yiuf!
You drain his power.
Crazy Yiuf is heavily wounded.
Crazy Yiuf drinks a potion.
Crazy Yiuf goes berserk!
Your leather armour prevents you from hitting Crazy Yiuf.
Your bite misses Crazy Yiuf.
Crazy Yiuf is heavily wounded.
Crazy Yiuf hits you with a +4 quarterstaff of chaos! x2
Crazy Yiuf burns you.
You are feeling very hungry.
You barely miss Crazy Yiuf. You bite Crazy Yiuf! You drain his power.
You feel invigorated.
Crazy Yiuf is almost dead.
Crazy Yiuf hits you with a +4 quarterstaff of chaos.
You closely miss Crazy Yiuf. Your bite misses Crazy Yiuf.
Crazy Yiuf is almost dead.
Crazy Yiuf hits you with a +4 quarterstaff of chaos!!
* * * LOW HITPOINT WARNING * * *
Crazy Yiuf burns you!
You die...

#.##..# #.# #.#
#.##..######.# #.#
#)...........# #.#
#...########## ###
#.#.# ####.#.#
##....#.##♣♣ ###
...####....♣♣ ♣♣#..)#
##.......).)♣♣♣♣@g...#
####......).♣..♣#...#
#.#.).).♣.♣♣♣ ###
#...##♣♣♣♣♣ #####


You could see Crazy Yiuf (berserk).

Vanquished Creatures
  Eustachio (D:5)
  Menkaure (D:5)
  A sky beast (D:5)
  An ice beast (D:5)
  2 phantoms
  4 ogres
  A centaur (D:5)
  A big kobold (D:5)
  2 scorpions
  A crimson imp (D:6)
  A bullfrog zombie (D:5)
  A quasit (D:5)
  An orc priest (D:3)
  A jelly (D:4)
  A gnoll shaman (D:5)
  A hound (D:4)
  Ijyb (D:5)
  2 iguanas
  2 orc wizards (D:5)
  3 worker ants
  A hound skeleton (D:6)
  8 adders
  8 gnolls
  2 shadow imps
  An ooze (D:3)
  3 dart slugs
  3 leopard geckos
  21 orcs
  3 giant cockroaches
  5 goblins
  7 hobgoblins
  2 jackals (D:2)
  25 kobolds
  2 quokkas
  8 bats
  6 frilled lizards
  10 rats
144 creatures vanquished.

Notes
Turn   | Place    | Note
-------+----------+-------------------------------------------
     0 | D:1      | Kairos the Vine Stalker Fighter began the quest for the
                  | Orb.
     0 | D:1      | Reached XP level 1. HP: 11/11 MP: 2/2
   220 | D:1      | You fall through a shaft!
   228 | D:2      | Reached XP level 2. HP: 16/16 MP: 3/3
   784 | D:2      | Reached XP level 3. HP: 14/20 MP: 2/4
   786 | D:2      | Reached skill level 1 in Stealth
  1073 | D:2      | Gained mutation: Your natural rate of healing is unusually
                  | fast. [Vine Stalker growth]
  1073 | D:2      | Reached XP level 4. HP: 24/24 MP: 5/5
  1409 | D:2      | Found a radiant altar of Vehumet.
  1630 | D:3      | Reached skill level 2 in Stealth
  1643 | D:3      | Found a faded altar of an unknown god.
  1657 | D:3      | Reached XP level 5. HP: 4/28 MP: 0/6
  2015 | D:3      | Reached skill level 3 in Stealth
  2178 | D:3      | Found a bloodstained altar of Trog.
  2408 | D:4      | Found Heschazi's Armour Boutique.
  2700 | D:4      | Reached XP level 6. HP: 32/32 MP: 7/7
  2720 | D:4      | Got a faintly glowing golden ring
  2734 | D:4      | Identified the ring "Sighuunu" {+Fly rC+ Stlth+} (You found
                  | it on level 4 of the Dungeon)
  2936 | D:4      | Found Lipt's Antique Weapon Shop.
  3241 | D:4      | Bought an iridescent dire flail for 207 gold pieces
  3241 | D:4      | Identified the +8 dire flail of Exquisite Death {flame,
                  | rPois rF- rC- Str+7} (You bought it in a shop on level 4 of
                  | the Dungeon)
  3252 | D:5      | Entered Level 5 of the Dungeon
  3253 | D:5      | Noticed an ice beast
  3263 | D:5      | Killed an ice beast
  3263 | D:5      | Reached skill level 1 in Dodging
  3263 | D:5      | Reached skill level 4 in Stealth
  3349 | D:5      | Reached XP level 7. HP: 29/36 MP: 6/8
  3366 | D:5      | Noticed Ijyb
  3376 | D:5      | Killed Ijyb
  3384 | D:5      | Reached skill level 5 in Stealth
  3433 | D:5      | Noticed Menkaure
  3439 | D:5      | Killed Menkaure
  3439 | D:5      | Reached skill level 1 in Maces & Flails
  3486 | D:5      | Noticed Eustachio
  3499 | D:5      | Killed Eustachio
  3499 | D:5      | Gained mutation: You have razor-sharp teeth. [Vine Stalker
                  | growth]
  3499 | D:5      | Reached XP level 8. HP: 30/42 MP: 5/9
  3575 | D:5      | Reached skill level 6 in Stealth
  4168 | D:6      | Found a snail-covered altar of Cheibriados.
  4173 | D:6      | Found an iron altar of Okawaru.
  4175 | D:6      | Found a sparkling altar of Nemelex Xobeh.
  4198 | D:6      | Became a worshipper of Warmaster Okawaru
  4219 | D:6      | Reached skill level 7 in Stealth
  4230 | D:6      | Found a staircase to the Ecumenical Temple.
  4510 | D:6      | Reached XP level 9. HP: 46/46 MP: 10/10
  4541 | D:6      | Found a runed translucent door.
  4542 | D:6      | Noticed Crazy Yiuf
  4582 | D:6      | Reached skill level 8 in Stealth
  4869 | D:6      | Found Piudarra's Assorted Antiques.
  4904 | D:6      | Slain by Crazy Yiuf

Skill      XL: |  1  2  3  4  5  6  7  8  9 |
---------------+----------------------------+-----
Axes           | 2 3 4 |  4.9
Fighting       | 3 4 |  4.5
Stealth        | 1 2 3 4 5 7 8 |  8.3
Shields        | 3 |  3.0
Dodging        | 1 2 |  2.4
Armour         | 3 |  3.3
Maces & Flails | 2 4 |  4.8
Throwing       | |  0.4

Action                   |  1- 3 |  4- 6 |  7- 9 || total
-------------------------+-------+-------+-------++-------
Melee: War axe           |    49 |   129 |       ||   178
       Bite              |    10 |    33 |    30 ||    73
       Dire flail        |       |    11 |   129 ||   140
Throw: Tomahawk          |     4 |     2 |       ||     6
  Use: Scroll            |       |     3 |       ||     3
 Stab: Distracted        |     1 |       |       ||     1
       Sleeping          |       |     6 |    14 ||    20
  Eat: Chunk             |       |     7 |     5 ||    12
Armor: Scale mail        |    20 |       |       ||    20
       Leather armour    |    19 |    86 |    49 ||   154
Dodge: Dodged            |    25 |   101 |    97 ||   223
Block: Shield            |    25 |       |       ||    25
